 Dungeon Crawl Stone Soup version 0.28-a0-1638-g9123634e07 (webtiles) character file.

Game seed: 710332925624522752

1426 HallandMoats the Angry Troglodyte (level 8, -2/68 HPs)
             Began as a Ghoul Fighter on Jan 25, 2022.
             Was a Follower of Trog.
             Slain by a slime creature (11 damage)
             ... on level 6 of the Dungeon.
             The game lasted 00:07:24 (7485 turns).

HallandMoats the Angry Troglodyte (Ghoul Fighter)   Turns: 7485, Time: 00:07:24

Health: -2/68      AC: 15    Str: 20    XL:     8   Next: 72%
Magic:  11/11      EV:  6    Int:  5    God:    Trog [*.....]
Gold:   285        SH:  4    Dex: 11    Spells: 7/7 levels left

rFire   . . .      SeeInvis +   G - +1 mace (protect)
rCold   + . .      Faith    .   c - +0 buckler
rNeg    + + +      Spirit   .   x - +0 plate armour
rPois   ∞          Reflect  .   (no helmet)
rElec   +          Harm     .   w - +0 cloak
rCorr   .          Rampage  .   (no gloves)
Will    .....                   p - +1 pair of boots "Pilalir" {rElec Dex+3 SInv Stlth-}
Stlth   ..........              (no amulet)
HPRegen 0.00/turn               (no ring)
MPRegen 0.12/turn               (no ring)

@: mighty, inhibited regen
A: claws 1, cold resistance 1, negative energy resistance 3, inhibited
regeneration, torment resistance 2
a: Renounce Religion


You were on level 6 of the Dungeon.
You worshipped Trog.
Trog was aware of your devotion.
You visited 1 branch of the dungeon, and saw 6 of its levels.

You collected 327 gold pieces.
You spent 42 gold pieces at shops.

Inventory:

Hand Weapons
 a - a +0 morningstar
 G - a +1 mace of protection (weapon)
Missiles
 y - a throwing net (quivered)
Armour
 c - a +0 buckler (worn)
 p - the +1 pair of boots "Pilalir" (worn) {rElec Dex+3 SInv Stlth-}
   (You found it on level 4 of the Dungeon)

   Dex:       It affects your dexterity (+3).
   rElec:     It insulates you from electricity.
   SInv:      It lets you see invisible.
   Stlth:     It makes you less stealthy.
 w - a +0 cloak (worn)
 x - a +0 plate armour (worn)
Wands
 t - a wand of flame (21)
 E - a wand of digging (9)
 F - a wand of acid (6)
Scrolls
 e - 2 scrolls of brand weapon {unknown}
 h - 2 scrolls of magic mapping
 j - 2 scrolls of teleportation {unknown}
 k - a scroll of enchant weapon {unknown}
 l - a scroll of identify {unknown}
 m - a scroll of silence {unknown}
 q - a scroll of vulnerability {unknown}
 z - a scroll of amnesia {unknown}
 A - a scroll of fog {unknown}
 B - a scroll of fear {unknown}
 C - 2 scrolls of blinking {unknown}
 D - a scroll of acquirement {unknown}
Potions
 d - 2 potions of might
 f - 2 potions of mutation {unknown}
 g - a potion of lignification {unknown}
 i - 3 potions of invisibility {unknown}
 n - 3 potions of degeneration {unknown}
 o - 2 potions of heal wounds {unknown}
 r - 2 potions of curing {unknown}
 s - a potion of resistance {unknown}
 u - a potion of ambrosia {unknown}
 v - a potion of haste {unknown}


   Skills:
 + Level 5.2 Fighting
 - Level 5.1 Short Blades
 * Level 0.0 Maces & Flails
 + Level 4.3 Armour
 + Level 3.0 Dodging
 + Level 4.2 Shields
 * Level 5.4 Invocations


You had 7 spell levels left.
You didn't know any spells.
Your spell library was empty.

Dungeon Overview and Level Annotations

Branches:
Dungeon (6/15)
 Temple: D:4-7

Altars:
Trog

Shops:
D:4 !?*


Innate Abilities, Weirdness & Mutations

You thrive by killing the living.
You are immune to poison.
You have sharp fingernails.
Your flesh is cold resistant. (rC+)
You are immune to negative energy. (rN+++)
You do not regenerate when monsters are visible.
You are immune to unholy pain and torment.


Message History

The jelly hits you but does no damage.
The jelly quivers.
The jelly jiggles.
The jelly jiggles.
The endoplasm quivers.
The jelly quivers.
The endoplasm closely misses you.
The endoplasm quivers.
The jelly hits you but does no damage. The jelly hits you but does no damage.
You sock the endoplasm!
Your weapon exudes an aura of protection.
You kill the endoplasm!
Trog accepts your kill.
You feel better. The jelly hits you but does no damage.
The endoplasm freezes you.
You are frozen.
You resist.
The endoplasm quivers.
Found 15 gold pieces.
The jelly quivers.
The endoplasm quivers.
The jelly quivers.
The endoplasm quivers.
You hit the jelly.
Your weapon exudes an aura of protection.
Your claws burn!
* * * LOW HITPOINT WARNING * * *
The jelly is lightly wounded.
The endoplasm hits you.
* * * LOW HITPOINT WARNING * * *
The jelly hits you but does no damage. x2
The endoplasm hits you but does no damage.
The jelly hits you but does no damage.
The endoplasm hits you but does no damage.
The endoplasm quivers.
The endoplasm barely misses you.
You see here 15 gold pieces.
Okay, then.
You feel very mighty all of a sudden.
The endoplasm hits you but does no damage.
The slime creature hits you!
You die...

## #### #.# ..# #.# ###.#
#.. #<..# #.####### ##..#
#.#.....# ##.#
###########.#.###.##J #.#
#...@JJ.JJJ.$.#.#..JJ #.#
#....JJJ.J....#.#.##. ##$##
#......J.J...<....#
#≈.≈#############J#.###)###
#≈.≈#.............#........
#≈§≈##.......JJ########..##
#≈.≈#.......J..'.....)#....
#≈.≈##.........######.#.###
....
#≈.≈#..................>...


You could see a slime creature, 6 jellies and 5 endoplasms.

Vanquished Creatures
  An orc warrior (D:6)
  An ice beast (D:6)
  A black bear (D:5)
  A necrophage (D:5)
  2 ogres
  2 phantoms
  A kobold brigand (D:6)
  A scorpion (D:4)
  A howler monkey (D:5)
  A bullfrog zombie (D:6)
  3 centaur zombies (D:5)
  A hound (D:6)
  A gnoll shaman (D:5)
  An orc priest (D:6)
  2 bullfrog skeletons
  An orc wizard (D:5)
  2 iguanas
  A howler monkey zombie (D:5)
  3 gnolls (D:5)
  8 adders
  A white imp (D:3)
  An ufetubus (D:5)
  2 adder skeletons
  3 worms
  A dart slug (D:3)
  11 orcs
  10 endoplasms
  3 giant cockroaches
  5 goblins
  8 hobgoblins
  12 kobolds
  2 quokkas
  6 ball pythons
  2 bats
  6 frilled lizards
  4 rats
112 creatures vanquished.

Vanquished Creatures (others)
  7 fungi (D:6)
7 creatures vanquished.

Grand Total: 119 creatures vanquished

Notes
Turn   | Place    | Note
-------+----------+-------------------------------------------
     0 | D:1      | HallandMoats the Ghoul Fighter began the quest for the Orb.
     0 | D:1      | Reached XP level 1. HP: 19/19 MP: 0/0
   466 | D:1      | Reached XP level 2. HP: 26/26 MP: 1/1
   962 | D:2      | Reached skill level 1 in Invocations
  1012 | D:2      | Reached XP level 3. HP: 27/31 MP: 2/2
  1348 | D:2      | Reached skill level 1 in Dodging
  1611 | D:2      | Reached XP level 4. HP: 36/39 MP: 4/4
  1975 | D:2      | Found a faded altar of an unknown god.
  2474 | D:2      | Prayed at the altar of an unknown god.
  2474 | D:2      | Became a worshipper of Trog the Wrathful
  2474 | D:2      | Reached * piety under Trog
  3716 | D:4      | Reached XP level 5. HP: 39/46 MP: 5/5
  3808 | D:4      | Identified the +1 pair of boots "Pilalir" {rElec Dex+3 SInv
                  | Stlth-}
  3946 | D:4      | Found Ituadu's General Store.
  4037 | D:4      | Noticed a phantom
  4073 | D:4      | Killed a phantom
  4074 | D:4      | Reached XP level 6. HP: 15/52 MP: 5/7
  4343 | D:4      | Found Pyihoipn's Magic Scroll Shoppe.
  4484 | D:4      | Bought a scroll of magic mapping for 42 gold pieces
  4629 | D:4      | Found Xoxyaleu's Distillery.
  4818 | D:5      | Entered Level 5 of the Dungeon
  4946 | D:5      | Noticed a black bear
  4959 | D:5      | Killed a black bear
  4960 | D:5      | Reached XP level 7. HP: 46/59 MP: 8/8
  5290 | D:5      | Reached ** piety under Trog
  5665 | D:5      | Reached XP level 8. HP: 42/67 MP: 10/10
  6562 | D:6      | Reached skill level 5 in Invocations
  6790 | D:6      | Reached skill level 5 in Fighting
  6844 | D:6      | Reached skill level 5 in Short Blades
  6866 | D:6      | HP: 3/68 [orc (3)]
  6873 | D:6      | HP: 1/68 [orc (2)]
  7294 | D:6      | Noticed a slime creature
  7485 | D:6      | Slain by a slime creature

Illustrated notes

Levels and vault maps discovered:
D:1:      matt_arrival_spirals, layout_loops_corners
D:2:      minmay_inner_zag, layout_loops_corners,
          shapermc_ecumenical_altar_ellora, chequers_jeans, minmay_3d_cube
D:3:      layout_basic
D:4:      nicolae_cairo_tiling_large_dashed, layout_gridville, serial_shops,
          nicolae_square_shop, shop, nicolae_inconvenience_store
D:5:      layout_loops_ring, kennysheep_generic_room_7
D:6:      lemuel_slime, layout_basic, mainiacjoe_overflow_concentric_impassable,
          minitemple, minmay_strange_pillars,
          amcnicky_mini_rare_corridor_liquid, uniq_duvessa

Skill      XL: |  1  2  3  4  5  6  7  8 |
---------------+-------------------------+-----
Short Blades   | 2 3 4 5 |  5.1
Invocations    | 1 2 3 4 5 |  5.4
Dodging        | 1 2 3 |  3.0
Shields        | 3 4 |  4.2
Armour         | 3 4 |  4.3
Fighting       | 4 5 |  5.2

Action                   |  1- 3 |  4- 6 |  7- 9 || total
-------------------------+-------+-------+-------++-------
Melee: Rapier            |   123 |   207 |    91 ||   421
       Flail             |       |       |   190 ||   190
       Mace              |       |       |    11 ||    11
Invok: Trog's Hand       |       |       |     7 ||     7
  Use: Potion            |       |       |     1 ||     1
Armor: Scale mail        |    50 |    79 |   172 ||   301
       Plate armour      |       |       |    16 ||    16
Dodge: Dodged            |    57 |    93 |   191 ||   341
Block: Buckler           |    23 |    37 |    68 ||   128

Table legend: (Time is in decaauts)
 A = Elapsed time spent in this place.
 B = Non-inter-level travel time spent in this place.
 C = Inter-level travel time spent in this place.
 D = Time resting spent in this place.
 E = Time spent auto-exploring this place.
 F = Levels seen in this place.
 G = Mean time per level.
                   A        B        C        D        E       F      G
               +--------+--------+--------+--------+--------+-----+--------+
         Total |   7614 |   7306 |    308 |      0 |   5930 |   6 | 1269.0 |
       Dungeon |   7614 |   7306 |    308 |      0 |   5930 |   6 | 1269.0 |
               +--------+--------+--------+--------+--------+-----+--------+

Top non-repeatable levels by time:
     D:2: 1629 daAuts
     D:5: 1531 daAuts
     D:6: 1230 daAuts
     D:4: 1189 daAuts
     D:3: 1132 daAuts
     D:1: 901 daAuts
